 Dungeon Crawl Stone Soup version 0.29.1-2-gbd0b4ee654 (webtiles) character file.

Game seed: 1806975689658070850

35 Explode1 the Ruffian (level 3, -7/25 (28) HPs)
             Began as a Draconian Transmuter on Nov 2, 2022.
             Mangled by Crazy Yiuf
             ... wielding a +3 quarterstaff of chaos
              (13 damage)
             ... on level 2 of the Dungeon.
             The game lasted 00:07:31 (1002 turns).

Explode1 the Ruffian (Draconian Transmuter)         Turns: 1002, Time: 00:07:31

HP:   -7/25 (28)    AC:  5    Str: 12    XL:     3   Next: 16%
MP:   4/6           EV: 12    Int: 15    God:
Gold: 84            SH:  0    Dex: 11    Spells: 3/6 levels left

rFire   + . .      SeeInvis .     - Unarmed
rCold   x . .      Faith    .   (no shield)
rNeg    . . .      Spirit   .   (body armour unavailable)
rPois   .          Reflect  .   (helmet currently unavailable)
rElec   .          Harm     .   (no cloak)
rCorr   +          Rampage  .   (no gloves)
Will    .....                   (boots currently unavailable)
Stlth   +.........              (no amulet)
HPRegen 0.08/turn               b - ring of resist corrosion
MPRegen 0.10/turn               l - ring of fire

@: appendages, wereblooded, slowed, heavily drained, very slow
A: horns 2, talons 2, AC +5, unfitting armour, cold-blooded
a: End Transformation


You were on level 2 of the Dungeon.
You had temporarily grown beastly horns and talons.
You visited 1 branch of the dungeon, and saw 2 of its levels.

You collected 84 gold pieces.

Inventory:

Missiles
 e - 6 javelins (quivered)
Jewellery
 b - a ring of resist corrosion (left hand)
 l - a ring of fire (right hand)
Scrolls
 c - 2 scrolls of identify {unknown}
 d - a scroll of immolation {unknown}
 f - a scroll of fear {unknown}
 h - 3 scrolls of teleportation {unknown}
Potions
 a - 3 potions of lignification
 g - a potion of cancellation {unknown}
 i - a potion of heal wounds {unknown}
 j - a potion of haste
 k - a potion of invisibility {unknown}


   Skills:
 - Level 1.1 Fighting
 - Level 1.7 Dodging
 * Level 3.7 Unarmed Combat
 - Level 2.0 Spellcasting
 * Level 2.9 Transmutations


You had 3 spell levels left.
You knew the following spells:

 Your Spells              Type           Power      Damage    Failure   Level
a - Beastly Appendage     Tmut           20%        N/A       7%          1
b - Wereblood             Tmut           10%        N/A       10%         2

Your spell library contained the following spells:

 Spells                   Type           Power      Damage    Failure   Level
 Spider Form              Tmut/Pois      5%         N/A       36%         3
 Summon Guardian Golem    Hex/Summ       1%         N/A       54%         3
 Ice Form                 Ice/Tmut       5%         N/A       77%         4
 Orb of Destruction       Conj           0%         9d5       100%        7
 Spellforged Servitor     Conj/Summ      0%         N/A       100%        7


Dungeon Overview and Level Annotations

Branches:
Dungeon (2/15)

Altars:

Annotations:
D:2 Crazy Yiuf


Innate Abilities, Weirdness & Mutations

You have temporarily grown beastly horns and talons.
Your plain brown scales are hard. (AC +5)
You cannot fit into any form of body armour.
You are cold-blooded and may be slowed by cold attacks.


Message History

h - 3 scrolls labelled ZIMUCY JIFA (gained 1)
You now have 84 gold pieces (gained 14).
There is an escape hatch in the ceiling here.
You see here a +0 robe.
Found a hammer.
Found a runed translucent door.
Casting: Wereblood (safe; 10% risk of failure)
Confirm with . or Enter, or press ? or * to list all spells.
You grow a pair of large bovine horns.
Your feet morph into talons.
Crazy Yiuf says, "Crazy?
Crazy!?
PORCUPINE!"
Casting: Beastly Appendage (safe; 7% risk of failure)
Confirm with . or Enter, or press ? or * to list all spells.
Your blood is infused with primal strength.
You open the door. You hit Crazy Yiuf but do no damage. You claw Crazy Yiuf.
Crazy Yiuf is moderately wounded.
Crazy Yiuf hits you with a +3 quarterstaff of chaos.
You feel yourself slow down.
You hit Crazy Yiuf.
Crazy Yiuf is moderately wounded.
Crazy Yiuf hits you but does no damage.
You hit Crazy Yiuf. Your headbutt misses Crazy Yiuf.
Crazy Yiuf is heavily wounded.
Crazy Yiuf says, "Millenium!"
Crazy Yiuf hits you with a +3 quarterstaff of chaos!
You feel drained.
Crazy Yiuf drinks a potion.
Crazy Yiuf seems to speed up.
You hit Crazy Yiuf but do no damage.
Your tail-slap misses Crazy Yiuf.
Crazy Yiuf is heavily wounded.
Crazy Yiuf misses you. Crazy Yiuf barely misses you.
You closely miss Crazy Yiuf. Your kick misses Crazy Yiuf.
Crazy Yiuf is heavily wounded.
Crazy Yiuf hits you with a +3 quarterstaff of chaos.
* * * LOW HITPOINT WARNING * * *
You feel drained.
* * * LOW HITPOINT WARNING * * *
Crazy Yiuf closely misses you.
You hit Crazy Yiuf.
Your tail-slap misses Crazy Yiuf.
Crazy Yiuf is heavily wounded.
Crazy Yiuf hits you with a +3 quarterstaff of chaos!
Ouch! That really hurt!
You die...

#.....###........#......##.#
####.## ###....>........##.#
#..# #............)..#.#
#### ###########........
##### #........ #...#
#........ #...# ###
♣♣##........ #...## #)..#♣♣
♣♣........... #....#
#...g@♣♣♣♣P...........
#...##
#...#♣..♣..P.......... #...#
### ♣♣♣.♣.P..#.#..... #...#
♣♣♣♣♣###.#...(. #...#
#..####.. ###.## ######
####........ #..## #....#
#...#.#..... ##..# ##..###
##..#.#.##.. ##.###...#
###.....##..


You could see Crazy Yiuf (fast).

Vanquished Creatures
  2 worms (D:2)
  2 dart slugs
  2 ball pythons
  3 bats (D:2)
  2 endoplasms
  A goblin (D:2)
  2 hobgoblins (D:1)
  5 kobolds
  2 quokkas (D:2)
  A frilled lizard (D:2)
22 creatures vanquished.

Notes
Turn   | Place    | Note
-------+----------+-------------------------------------------
     0 | D:1      | Explode1 the Draconian Transmuter began the quest for the
                  | Orb.
     0 | D:1      | Reached XP level 1. HP: 16/16 MP: 3/3
   302 | D:1      | Reached XP level 2. HP: 23/23 MP: 3/5
   484 | D:1      | You fall into a shaft and drop 1 floor!
   615 | D:2      | Reached XP level 3. HP: 27/28 MP: 4/6
   736 | D:2      | Learned a level 2 spell: Wereblood
   990 | D:2      | Found a runed translucent door.
   991 | D:2      | Noticed Crazy Yiuf
  1002 | D:2      | Mangled by Crazy Yiuf

Illustrated notes

Levels and vault maps discovered:
D:1:      nagdon_arrival_zigzag_paths, layout_loops_ring,
          shapermc_ecumenical_altar_starsandcircs
D:2:      layout_rooms, nicolae_elevator_lobby_asterisk, uniq_crazy_yiuf_cottage

Action                   || total
-------------------------++-------
Melee: Unarmed           ||    62
       Tailslap          ||     5
       Kick              ||    11
       Headbutt          ||     5
       Punch             ||     1
Throw: Javelin           ||     3
 Cast: Beastly Appendage ||    12
       Wereblood         ||     2
Armor: Skin              ||    21
Dodge: Dodged            ||    33
